 Dungeon Crawl Stone Soup version 0.23.0-28-g6fe0f4d (webtiles) character file.

Game seed: 0

1920 Mgcat the Ruffian (level 8, -3/75 HPs)
             Began as a Troll Fire Elementalist on Feb 25, 2019.
             Was a Believer of Makhleb.
             Slain by a slave (6 damage)
             ... led by Pikel
             ... on level 7 of the Dungeon.
             The game lasted 00:16:07 (5481 turns).

Mgcat the Ruffian (Troll Fire Elementalist)         Turns: 5481, Time: 00:16:08

Health: -3/75      AC:  7    Str: 25    XL:     8   Next: 95%
Magic:  10/10      EV:  8    Int: 11    God:    Makhleb [**....]
Gold:   425        SH:  9    Dex: 10    Spells: 3/9 levels left

rFire    . . .     SeeInvis .     - Unarmed
rCold    . . .     Gourm    +   j - +0 shield
rNeg     . . .     Faith    .   a - +0 robe
rPois    .         Spirit   .   (helmet restricted)
rElec    .         Reflect  .   f - +0 cloak
rCorr    .         Harm     .   (gloves unavailable)
MR       .....                  (boots unavailable)
Stlth    +.........             (no amulet)
HPRegen  0.62/turn              p - +6 ring of strength
MPRegen  0.12/turn              i - ring of wizardry {Wiz+, !d}

@: very slightly contaminated, invisible
A: large, unfitting armour, claws 3, fast metabolism 3, gourmand, regeneration
1, shaggy fur 1, tough skin 3
a: Minor Destruction, Renounce Religion


You were on level 7 of the Dungeon.
You worshipped Makhleb.
Makhleb was pleased with you.
You were full.

You visited 2 branches of the dungeon, and saw 8 of its levels.

You collected 425 gold pieces.

Inventory:

Armour
 a - a +0 robe (worn)
 f - a +0 cloak (worn)
   (You found it on level 2 of the Dungeon)
 j - a +0 shield (worn)
   (You found it on level 2 of the Dungeon)
Jewellery
 e - an uncursed ring of stealth {Stlth+}
   (You took it off a centaur on level 6 of the Dungeon)
 g - an uncursed ring of flight {+Fly, !d}
   (You found it on level 6 of the Dungeon)
 i - a ring of wizardry (right claw) {Wiz+, !d}
   (You found it on level 6 of the Dungeon)
 p - a +6 ring of strength (left claw)
   (You found it on level 7 of the Dungeon)
 s - an uncursed ring of protection from fire {rF+, !d}
   (You found it on level 3 of the Dungeon)
Scrolls
 b - a scroll of remove curse
 o - 2 scrolls of identify
 v - a scroll of blinking {!r}
Potions
 d - a potion of agility {unknown}
 h - a potion of cancellation
 k - a potion of mutation {!q}
 m - a potion of degeneration {unknown}
 n - 2 potions of flight
 t - a potion of might {unknown}
 u - 2 potions of curing {unknown}
Comestibles
 c - 10 rations


   Skills:
 - Level 3.0 Fighting
 - Level 3.1 Dodging
 - Level 1.0 Stealth
 - Level 3.0 Shields
 + Level 6.4 Unarmed Combat
 - Level 1.2 Spellcasting
 + Level 1.7 Conjurations
 + Level 3.4 Fire Magic
 + Level 4.8 Invocations


You had 3 spell levels left.
You knew the following spells:

 Your Spells              Type           Power        Failure   Level  Hunger
a - Flame Tongue          Conj/Fire      #....        16%         1    ##.....
b - Throw Flame           Conj/Fire      #.....       24%         2    ###....
c - Conjure Flame         Conj/Fire      #.......     41%         3    ####...

Your spell library contained the following spells:

 Spells                   Type           Power        Failure   Level  Hunger
 Inner Flame              Hex/Fire       #.......     52%         3    ####...
 Sticky Flame             Conj/Fire      #.......     80%         4    #####..
 Fireball                 Conj/Fire      #.........   98%         5    ######.


Dungeon Overview and Level Annotations

Branches:
Dungeon (7/15)             Temple (1/1) D:4

Altars:
Ashenzari
Dithmenos
Elyvilon
Fedhas
Hepliaklqana
Makhleb
Nemelex Xobeh
Okawaru
Qazlal
Ru
Sif Muna
Trog
Uskayaw
Wu Jian
Xom
Yredelemnul
The Shining One

Annotations:
D:5 1 runed translucent door, Blork the orc, Crazy Yiuf
D:7 Pikel, Prince Ribbit


Innate Abilities, Weirdness & Mutations

You are too large for most types of armour.
You have claws for hands.
Your metabolism is lightning-fast.
You like to eat raw meat.
Your natural rate of healing is unusually fast.
You are covered in fur. (AC +1)
You have extremely tough skin. (AC +3)


Message History

Unknown command.
You mangle Pikel!!
Pikel is heavily wounded.
You hear a shout!
You block the orc's attack.
A slave comes into view.
The bullfrog zombie hits you but does no damage.
Pikel hits you with a +1 whip of freezing.
* * * LOW HITPOINT WARNING * * *
Pikel freezes you.
* * * LOW HITPOINT WARNING * * *
You take 6 damage, and have 14/75 hp.
Danger x5: slave x3, Pikel, slave (wandering)!
Unknown command.
Lua error: [string "/dgldir/rcfiles/crawl-0.23/Mgcat.rc"]:934: invalid capture index Unknown command.
Lua error: [string "/dgldir/rcfiles/crawl-0.23/Mgcat.rc"]:934: invalid capture index Unknown command.
Lua error: [string "/dgldir/rcfiles/crawl-0.23/Mgcat.rc"]:934: invalid capture index You barely miss Pikel.
Pikel is heavily wounded.
The orc closely misses you. The bullfrog zombie barely misses you.
Pikel hits you but does no damage.
Danger x4: slave x3, Pikel!
Unknown command.
Unknown command.
You claw Pikel!
Pikel is almost dead.
The orc hits you but does no damage. You block Pikel's attack.
Danger x5: slave x3, Pikel, slave (wandering)!
Unknown command.
Lua error: [string "/dgldir/rcfiles/crawl-0.23/Mgcat.rc"]:934: invalid capture index Unknown command.
Lua error: [string "/dgldir/rcfiles/crawl-0.23/Mgcat.rc"]:934: invalid capture index You barely miss Pikel.
Pikel is almost dead.
The slave shouts!
The orc barely misses you. The bullfrog zombie hits you.
* * * LOW HITPOINT WARNING * * *
You take 1 damage, and have 14/75 hp.
Danger x5: slave x3, Pikel, slave (wandering)!
Unknown command.
Lua error: [string "/dgldir/rcfiles/crawl-0.23/Mgcat.rc"]:934: invalid capture index Unknown command.
Lua error: [string "/dgldir/rcfiles/crawl-0.23/Mgcat.rc"]:934: invalid capture index You claw the orc!
You kill the orc!
Makhleb accepts your kill. You block the bullfrog zombie's attack.
The slave hits you!
* * * LOW HITPOINT WARNING * * *
You take 7 damage, and have 7/75 hp.
Danger x5: slave x4, Pikel!
Unknown command.
Unknown command.
You barely miss the bullfrog zombie.
The bullfrog zombie hits you but does no damage.
You block the slave's attack.
Danger x4: slave x3, Pikel!
Unknown command.
Unknown command.
The slave closely misses you.
You see here a +0 hand axe.
Danger x5: slave x4, Pikel!
Unknown command.
Unknown command.
The bullfrog zombie hits you but does no damage.
Unknown command.
Unknown command.
The slave hits you.
* * * LOW HITPOINT WARNING * * *
You take 2 damage, and have 7/75 hp.
Danger x5: slave x4, Pikel!
Unknown command.
Unknown command.
Unknown command.
Pikel hits you but does no damage. You block the slave's attack.
Unknown command.
Unknown command.
Danger x5: slave x4, Pikel!
You scratch Pikel but do no damage.
Pikel is almost dead.
Pikel hits you but does no damage. The bullfrog zombie barely misses you.
The slave hits you.
* * * LOW HITPOINT WARNING * * *
Unknown command.
Danger x5: slave x4, Pikel!
Your shield prevents you from hitting Pikel.
Pikel is almost dead.
You block the bullfrog zombie's attack. Pikel hits you but does no damage.
The slave hits you.
* * * LOW HITPOINT WARNING * * *
The bullfrog zombie closely misses you.
You take 4 damage, and have 3/75 hp.
Danger x5: slave x4, Pikel!
Unknown command.
Unknown command.
You miss Pikel.
Pikel is almost dead.
The slave hits you.
You die...

#........#.###..##
#........(.# #...#
#......o#### #..o#
#.......# ##.Kp
######..%.o..# ..p
#............#


#po #..%...####### #....K.###### #..$..@pp...# #.....pZ))..# ####...p....#
#........# ########## You could see Pikel, 4 slaves and a bullfrog zombie.

Vanquished Creatures
  Sigmund (D:2)
  2 orc warriors
  3 centaurs
  2 ogres
  4 bullfrogs
  2 scorpions
  A howler monkey (D:5)
  3 crimson imps
  A centaur zombie (D:6)
  A hound (D:6)
  An orc priest (D:7)
  Jessica (D:2)
  Natasha (thrice) (D:2)
  2 iguanas (D:5)
  4 worker ants
  2 hound zombies
  12 gnolls
  6 adders
  A shadow imp (D:5)
  A worm (D:2)
  4 dart slugs
  5 leopard geckos
  14 orcs
  2 ball pythons (D:1)
  8 bats
  9 giant cockroaches
  10 goblins
  12 hobgoblins
  12 jackals
  5 kobolds
  6 quokkas
  3 frilled lizards
  A leopard gecko skeleton (D:4)
  A quokka zombie (D:5)
  9 rats
  2 fungi (D:5)
156 creatures vanquished.

Notes
Turn   | Place    | Note
-------+----------+-------------------------------------------
     0 | D:1      | Mgcat the Troll Fire Elementalist began the quest for the
                  | Orb.
     0 | D:1      | Reached XP level 1. HP: 16/16 MP: 1/1
    56 | D:1      | Reached skill level 1 in Unarmed Combat
    56 | D:1      | Reached XP level 2. HP: 19/26 MP: 0/2
    70 | D:1      | Reached skill level 2 in Dodging
    80 | D:1      | Learned a level 2 spell: Throw Flame
   134 | D:1      | Reached skill level 1 in Fighting
   304 | D:1      | Reached XP level 3. HP: 33/33 MP: 3/3
   819 | D:1      | Found a glowing golden altar of the Shining One.
  1144 | D:2      | Reached skill level 1 in Conjurations
  1147 | D:2      | Reached XP level 4. HP: 32/41 MP: 4/4
  1205 | D:2      | Noticed Jessica
  1214 | D:2      | Killed Jessica
  1242 | D:2      | Noticed Natasha
  1256 | D:2      | Killed Natasha
  1256 | D:2      | Reached skill level 2 in Unarmed Combat
  1364 | D:2      | Reached XP level 5. HP: 49/49 MP: 5/5
  1446 | D:2      | Found a hazy altar of Hepliaklqana.
  1626 | D:2      | Noticed Natasha
  1637 | D:2      | Killed Natasha
  1738 | D:2      | Noticed Natasha
  1744 | D:2      | Killed Natasha
  1744 | D:2      | Reached skill level 2 in Fighting
  1840 | D:2      | Noticed Sigmund
  1862 | D:2      | HP: 12/49 [something (5)]
  1863 | D:2      | HP: 3/49 [something (9)]
  2274 | D:2      | Killed Sigmund
  2274 | D:2      | Reached skill level 3 in Dodging
  2274 | D:2      | Reached skill level 3 in Unarmed Combat
  2274 | D:2      | Reached skill level 3 in Fire Magic
  2274 | D:2      | Reached XP level 6. HP: 59/59 MP: 6/6
  2600 | D:3      | Found a sacrificial altar of Ru.
  3115 | D:4      | Found a staircase to the Ecumenical Temple.
  3121 | Temple   | Entered the Ecumenical Temple
  3264 | Temple   | Became a worshipper of Makhleb the Destroyer
  3320 | D:4      | Reached XP level 7. HP: 55/66 MP: 7/7
  3352 | D:4      | Reached skill level 1 in Shields
  3468 | D:4      | Found an iron altar of Okawaru.
  3613 | D:4      | Found a blossoming altar of Fedhas.
  3883 | D:5      | Entered Level 5 of the Dungeon
  3974 | D:5      | Found a hide-covered altar of Uskayaw.
  3991 | D:5      | Reached skill level 3 in Fighting
  3991 | D:5      | Reached skill level 1 in Invocations
  4070 | D:5      | Found a bloodstained altar of Trog.
  4085 | D:5      | Reached skill level 4 in Unarmed Combat
  4106 | D:5      | Reached * piety under Makhleb
  4197 | D:5      | Reached skill level 2 in Shields
  4197 | D:5      | Reached skill level 2 in Invocations
  4413 | D:5      | Noticed Blork the orc
  4598 | D:5      | Found a runed translucent door.
  4599 | D:5      | Noticed Crazy Yiuf
  4631 | D:5      | Reached XP level 8. HP: 63/75 MP: 3/9
  4684 | D:6      | Reached skill level 3 in Invocations
  4706 | D:6      | Found a sparkling altar of Nemelex Xobeh.
  4732 | D:6      | Reached skill level 3 in Shields
  4732 | D:6      | Reached skill level 5 in Unarmed Combat
  4826 | D:6      | Reached skill level 4 in Invocations
  4957 | D:6      | Reached skill level 6 in Unarmed Combat
  5016 | D:6      | Learned a level 3 spell: Conjure Flame
  5180 | D:6      | Found a sacrificial altar of Ru.
  5235 | D:7      | Noticed Prince Ribbit
  5435 | D:7      | Noticed Pikel
  5440 | D:7      | Reached ** piety under Makhleb
  5469 | D:7      | HP: 16/75 [Pikel/+1 whip of freezing (5)]
  5473 | D:7      | HP: 7/75 [slave[Pikel] (7)]
  5479 | D:7      | HP: 7/75 [slave[Pikel] (1)]
  5480 | D:7      | HP: 3/75 [slave[Pikel] (5)]
  5481 | D:7      | Slain by a slave

Skill      XL: |  1  2  3  4  5  6  7  8 |
---------------+-------------------------+-----
Unarmed Combat | 1 2 3 4 6 |  6.4
Dodging        | 2 3 |  3.1
Fighting       | 1 2 3 |  3.0
Conjurations   | 1 |  1.7
Fire Magic     | 3 |  3.4
Shields        | 2 3 |  3.0
Invocations    | 2 4 |  4.8
Stealth        | |  1.0
Spellcasting   | |  1.2

Action                   |  1- 3 |  4- 6 |  7- 9 || total
-------------------------+-------+-------+-------++-------
Melee: Unarmed           |   101 |   178 |   268 ||   547
       Punch             |       |     1 |       ||     1
 Cast: Flame Tongue      |     1 |     1 |       ||     2
       Throw Flame       |       |     4 |     3 ||     7
  Use: Potion            |       |     3 |     1 ||     4
       Scroll            |       |     6 |     1 ||     7
 Stab: Sleeping          |     3 |     1 |     2 ||     6
       Invisible         |       |       |     1 ||     1
  Eat: Chunk             |    16 |    21 |    18 ||    55
Armor: Robe              |    33 |    60 |    69 ||   162
       Skin              |       |     1 |       ||     1
Dodge: Dodged            |    52 |    68 |    78 ||   198
Block: Shield            |       |    25 |   105 ||   130

Levels and vault maps discovered:
D:1:      sevenhm_arrival_forest_fort_small_6, layout_basic,
          nrook_mini_backslash, tso_altar
D:2:      layout_basic, lemuel_doored_altar, uniq_natasha, uniq_sigmund,
          uniq_jessica
D:3:      layout_loops_ring, nicolae_ru_awakened_eye
D:4:      layout_loops_cross, okawaru_trees_1, fedhas_altar_1,
          minmay_temple_entry_waves, first_ration, minmay_misc_feat_room,
          chequers_serial_rivers_small_3
D:5:      layout_rooms, kennysheep_little_box, old_standard_altar,
          uniq_blork_the_orc, uniq_crazy_yiuf_cottage
D:6:      layout_rooms, nemelex_xobeh_ov_fountains_minmay,
          lemuel_coloured_pillars_altar
D:7:      layout_basic, vehumet_crystals, overflow_temple_1_default,
          uniq_prince_ribbit1, uniq_pikel
Temple:   compressed_dpeg_triangle_lava_temple

Table legend:
 A = Turns spent in this place as a percentage of turns spent in the entire game.
 B = Non-inter-level travel turns spent in this place as a percentage of non-inter-level travel turns spent in the entire game.
 C = Inter-level travel turns spent in this place as a percentage of turns spent in this place.
 D = Turns resting spent in this place as a percentage of non-inter-level travel turns spent in this place.
 E = Turns spent auto-exploring this place as a percentage of non-inter-level travel turns spent in this place.
 F = Non-inter-level travel turns spent in this place divided by the number of levels of this place that you've seen.
                   A       B       C       D       E      F
               +-------+-------+-------+-------+-------+----------------------
         Total | 100.0 | 100.0 |   6.9 |   6.4 |  68.3 | 637.9
       Dungeon |  97.0 |  97.2 |   6.8 |   6.6 |  68.3 | 708.3
        Temple |   3.0 |   2.8 |  10.5 |   0.0 |  69.7 | 145.0
               +-------+-------+-------+-------+-------+----------------------

Table legend:
 A = Kills in this place as a percentage of kills in entire the game.
 B = Kills by you in this place as a percentage of kills by you in the entire game.
 C = Kills by friends in this place as a percentage of kills by friends in the entire game.
 D = Other kills in this place as a percentage of other kills in the entire game.
 E = Experience gained in this place as a percentage of experience gained in the entire game.
 F = Experience gained in this place divided by the number of levels of this place that you have seen.
                   A       B       C       D       E      F
               +-------+-------+-------+-------+-------+----------------------
         Total | 100.0 | 100.0 |   N/A |   N/A | 100.0 | 342.9
       Dungeon | 100.0 | 100.0 |   N/A |   N/A | 100.0 | 391.9
               +-------+-------+-------+-------+-------+----------------------
